 Dungeon Crawl Stone Soup version 0.26.1-11-gd32895ea62 (webtiles) character file.

Game seed: 2949221169223183412

462 H0rd4k the Insei (level 7, -17/43 HPs)
             Began as an Octopode Transmuter on May 26, 2021.
             Was an Initiate of Gozag.
             Killed from afar by an orc (27 damage)
             ... with a bolt of acid
             ... on level 4 of the Dungeon.
             The game lasted 00:06:09 (5106 turns).

H0rd4k the Insei (Octopode Transmuter)              Turns: 5106, Time: 00:06:11

Health: -17/43     AC: -2    Str:  9    XL:     7   Next: 7%
Magic:  10/12      EV: 21    Int: 18    God:    Gozag
Gold:   538        SH:  0    Dex: 17    Spells: 5/12 levels left

rFire    . . .     SeeInvis .     - Unarmed
rCold    . . .     Faith    .   (shield currently unavailable)
rNeg     . . .     Spirit   .   (helmet currently unavailable)
rPois    x         Reflect  .   (no amulet)
rElec    .         Harm     .   (no ring)
rCorr    .         Rampage  .   (no ring)
Will     .....                  (no ring)
Stlth    ++........             (no ring)
HPRegen  0.14/turn              (no ring)
MPRegen  0.13/turn              (no ring)
                                (no ring)
                                (no ring)

@: spider-form (expiring), corroded, gold aura
A: tiny, almost no armour, stealthy swim, (amphibious), 8 rings, (constrict 8)
a: End Transformation, Renounce Religion, Potion Petition, Call Merchant, Bribe
Branch


You were on level 4 of the Dungeon.
You worshipped Gozag.
Gozag was pleased with you.
You were a venomous arachnid creature.
You visited 1 branch of the dungeon, and saw 4 of its levels.

You collected 557 gold pieces.
You paid 19 gold pieces to Gozag.

Inventory:

Missiles
 f - 12 poisoned darts (quivered)
Jewellery
 m - a cursed ring of attention {unknown}
 p - an uncursed ring of poison resistance {unknown}
Wands
 l - a wand of acid (7)
Scrolls
 a - 2 scrolls of fear {unknown}
 e - 5 scrolls of identify {unknown}
 g - 2 scrolls of fog {unknown}
 h - 2 scrolls of remove curse {unknown}
 i - a scroll of enchant armour {unknown}
 j - a scroll of amnesia {unknown}
 n - a scroll of blinking {unknown}
 o - a scroll of enchant weapon {unknown}
Potions
 b - a potion of flight {unknown}
 c - 2 potions of brilliance {unknown}
 d - 2 potions of haste {unknown}
 k - a potion of mutation {unknown}


   Skills:
 + Level 1.3 Fighting
 + Level 1.5 Throwing
 + Level 3.0 Dodging
 - Level 0.4 Stealth
 + Level 5.1 Unarmed Combat
 * Level 3.3 Spellcasting
 + Level 0.8 Hexes
 * Level 3.5 Transmutations
 + Level 1.6 Poison Magic


You had 5 spell levels left.
You knew the following spells:

 Your Spells              Type           Power        Failure   Level
a - Beastly Appendage     Tmut           30%          12%         1
b - Spider Form           Tmut/Pois      6%           34%         3
c - Confusing Touch       Hex            6%           54%         3

Your spell library contained the following spells:

 Spells                   Type           Power        Failure   Level
 Wereblood                Tmut           15%          16%         2
 Gell's Gravitas          Tloc           1%           65%         3
 Ice Form                 Ice/Tmut       9%           78%         4
 Petrify                  Tmut/Erth      9%           78%         4
 Blade Hands              Tmut           7%           87%         5
 Yara's Violent Unravell  Hex/Tmut       5%           96%         5
 Metabolic Englaciation   Hex/Ice        2%           99%         5


Dungeon Overview and Level Annotations

Branches:
Dungeon (4/15)
 Temple: D:4-7

Altars:
Gozag
Kikubaaqudgha
Xom
The Shining One

Annotations:
D:1 exclusion: downstairs
D:3 exclusion: upstairs, Sigmund


Innate Abilities, Weirdness & Mutations

You cannot wear most types of armour.
You are very stealthy in the water. (Stealth+)
((You are amphibious.))
You can wear up to eight rings at the same time.
((You can use your tentacles to constrict eight enemies at once.))
((Your skin changes colour to match your surroundings (Stealth+).))
((Your rubbery body absorbs attacks. (AC +1, EV +1)))


Message History

You barely miss the orc. The orc closely misses you.
You barely miss the orc. You hit the orc.
The orc is poisoned.
The orc is heavily wounded.
The orc zaps a wand.
The bolt of acid hits the orc!
The orc is splashed with acid!
The acid corrodes the orc!
The orc dies!
The bolt of acid hits you!! The acid corrodes you!
You are splashed with acid!
* * * LOW HITPOINT WARNING * * *
The orc zaps a wand.
The bolt of acid misses you.
Things that are here:
5 gold pieces; a cursed -1 dagger The orc completely misses you.
You hit the orc.
The orc is poisoned.
The orc is heavily wounded.
Your transformation is almost over.
The orc zaps a wand.
The bolt of acid hits you!!
Ouch! That really hurt!
You die...
Your body crumbles into a pile of gold.

.###...#.# ##...[..###...##.....#
.# #..#### #............###......
####..##.#####.<.o#.#.[.####.....
##..........#.....####[..##......
................### #..####.....
.........).....### #[..##.....#
#..............#.## #...#.......
...............o..# ##..##....##.
............###.s####.........#..
....#..#.##..###.$##............#
....#######..# #.................
....#.#####..# ##..[.....#.......
.........##.## #................
............# #...........#....
#......## ... ............#....
#......##.. ..................
##......... ............##.....


You could see an orc (very poisoned).

Vanquished Creatures
  A scorpion (D:4)
  A howler monkey (D:4)
  An orc priest (D:4)
  2 orc wizards
  2 iguanas (D:4)
  2 worker ants (D:4)
  5 adders
  3 gnolls (D:3)
  3 worms
  2 leopard geckos
  13 orcs
  6 giant cockroaches
  6 goblins
  7 hobgoblins
  6 jackals (D:4)
  A quokka (D:2)
  4 ball pythons
  4 bats
  14 frilled lizards
  3 kobolds
  11 rats
97 creatures vanquished.

Vanquished Creatures (others)
  An orc wizard (D:4)
  An orc (D:4)
  2 plants (D:2)
4 creatures vanquished.

Grand Total: 101 creatures vanquished

Notes
Turn   | Place    | Note
-------+----------+-------------------------------------------
     0 | D:1      | H0rd4k the Octopode Transmuter began the quest for the Orb.
     0 | D:1      | Reached XP level 1. HP: 13/13 MP: 3/3
   119 | D:1      | Reached XP level 2. HP: 16/18 MP: 5/5
  1002 | D:2      | Reached XP level 3. HP: 11/23 MP: 6/6
  1010 | D:2      | Learned a level 3 spell: Spider Form
  1677 | D:2      | Noticed a black bear
  2184 | D:2      | Found a shimmering altar of Xom.
  2300 | D:2      | Reached skill level 1 in Poison Magic
  2300 | D:2      | Reached XP level 4. HP: 28/28 MP: 7/7
  2346 | D:2      | Found an opulent altar of Gozag.
  2406 | D:2      | Became a worshipper of Gozag Ym Sagoz the Greedy
  2461 | D:3      | Learned a level 3 spell: Confusing Touch
  2896 | D:3      | Reached XP level 5. HP: 33/33 MP: 9/9
  2911 | D:3      | Noticed Sigmund
  3118 | D:3      | Reached skill level 1 in Throwing
  3118 | D:3      | Reached skill level 4 in Unarmed Combat
  3405 | D:3      | Found a glowing golden altar of the Shining One.
  3711 | D:4      | Reached XP level 6. HP: 21/38 MP: 6/10
  4676 | D:4      | Reached skill level 5 in Unarmed Combat
  4921 | D:4      | Reached XP level 7. HP: 30/43 MP: 10/12
  5043 | D:4      | Found an ancient bone altar of Kikubaaqudgha.
  5106 | D:4      | Killed from afar by an orc

Illustrated notes

Levels and vault maps discovered:
D:1:      amcnicky_arrival_abandoned_market, layout_basic,
          minmay_shallow_snake_nest
D:2:      layout_rooms, old_standard_altar, overflow_temple_1_default,
          minmay_lizard_king
D:3:      layout_basic, lemuel_doored_altar, uniq_sigmund
D:4:      layout_cave_pools, kiku_gazebo_pond_becter, st_stairs_7,
          grunt_ministairs_1

Skill      XL: |  1  2  3  4  5  6 |
---------------+-------------------+-----
Poison Magic   | 1 |  1.6
Throwing       | 1 |  1.5
Unarmed Combat | 4 5 |  5.1
Spellcasting   | 3 |  3.3
Transmutations | 3 |  3.5
Dodging        | 3 |  3.0
Fighting       | |  1.3
Stealth        | |  0.4
Hexes          | |  0.8

Action                   |  1- 3 |  4- 6 |  7- 9 || total
-------------------------+-------+-------+-------++-------
Melee: Unarmed           |    96 |   157 |     4 ||   257
       Constrict         |    23 |    33 |       ||    56
       Tentacles         |    13 |    14 |       ||    27
       Punch             |     2 |     5 |       ||     7
Throw: Dart              |     8 |    14 |       ||    22
 Cast: Spider Form       |       |     7 |     1 ||     8
       Confusing Touch   |       |     1 |       ||     1
 Stab: Sleeping          |     8 |     3 |       ||    11
Armor: Skin              |    10 |     7 |       ||    17
Dodge: Dodged            |    60 |   110 |     3 ||   173
